 Dungeon Crawl Stone Soup version 0.24-a0-582-g4d4af813a0 (webtiles) character file.

Game seed: 16257736797599418296

6717 DasRunzen the Protected (level 10, -1/93 HPs)
             Began as a Minotaur Fighter on Aug 27, 2019.
             Was a High Priest of Okawaru.
             Slain by an unseen horror (6 damage)
             ... on level 10 of the Dungeon.
             The game lasted 00:19:25 (7113 turns).

DasRunzen the Protected (Minotaur Fighter)          Turns: 7113, Time: 00:19:26

Health: -1/93      AC: 13    Str: 22    XL:     10   Next: 74%
Magic:  13/13      EV:  8    Int:  5    God:    Okawaru [*****.]
Gold:   134        SH: 16    Dex: 12    Spells: 9/9 levels left

rFire    . . .     SeeInvis .   a - +4 war axe (freeze)
rCold    . . .     Gourm    +   c - +4 shield
rNeg     . . .     Faith    .   b - +0 scale mail
rPois    .         Spirit   .   (helmet restricted)
rElec    .         Reflect  .   w - +0 cloak
rCorr    .         Harm     .   g - +2 pair of gloves
MR       .....                  (no boots)
Stlth    ..........             l - amulet of the gourmand (curse)
HPRegen  0.25/turn              (no ring)
MPRegen  0.13/turn              (no ring)

@: no status effects
A: retaliatory headbutt, horns 2
a: Heroism, Finesse, Renounce Religion


You were on level 10 of the Dungeon.
You worshipped Okawaru.
Okawaru was extremely pleased with you.
You were completely stuffed.

You visited 2 branches of the dungeon, and saw 11 of its levels.

You collected 624 gold pieces.
You spent 490 gold pieces at shops.

Inventory:

Hand Weapons
 a - a +4 war axe of freezing (weapon)
 v - a +2 short sword of electrocution
Armour
 b - a +0 scale mail (worn)
 c - a +4 shield (worn)
 g - a +2 pair of gloves (worn)
 w - a +0 cloak (worn)
Jewellery
 d - an uncursed ring of protection from fire
 l - a cursed amulet of the gourmand (around neck)
Wands
 e - a wand of polymorph (5)
Scrolls
 h - 6 scrolls of identify
 j - 3 scrolls of amnesia
 k - 3 scrolls of remove curse
 p - 2 scrolls of teleportation
 t - a scroll of blinking
 u - a scroll of fear
Potions
 i - 2 potions of magic
 m - a potion of heal wounds
 n - 3 potions of haste
 o - a potion of lignification
 q - a potion of resistance
 r - 2 potions of flight
 s - a potion of berserk rage
Comestibles
 f - 20 rations


   Skills:
 + Level 9.8 Fighting
 + Level 9.4 Axes
 + Level 9.8 Armour
 + Level 9.7 Shields
 + Level 6.4 Invocations


You had 9 spell levels left.
You didn't know any spells.
Your spell library contained the following spells:

 Spells                   Type           Power        Failure   Level  Hunger
 Magic Dart               Conj           #...         93%         1    ##.....
 Summon Small Mammal      Summ           #...         93%         1    ##.....
 Call Imp                 Summ           #.......     98%         2    ###....
 Searing Ray              Conj           #.....       98%         2    ###....
 Call Canine Familiar     Summ           #.......     100%        3    ####...
 Dazzling Spray           Conj/Hex       #.....       100%        3    ####...
 Summon Guardian Golem    Hex/Summ       #.......     100%        3    ####...
 Force Lance              Conj/Tloc      #.......     100%        4    #####..
 Fulminant Prism          Conj/Hex       #.........   100%        4    #####..
 Iskenderun's Mystic Bla  Conj           #.......     100%        4    #####..
 Summon Ice Beast         Ice/Summ       #.......     100%        4    #####..
 Summon Lightning Spire   Summ/Air       #.......     100%        4    #####..


Dungeon Overview and Level Annotations

Branches:
Dungeon (10/15)            Temple (1/1) D:5            Lair (0/6) D:10
    Orc: D:9-12

Altars:
Ashenzari
Cheibriados
Dithmenos
Elyvilon
Fedhas
Gozag
Hepliaklqana
Kikubaaqudgha
Makhleb
Nemelex Xobeh
Okawaru
Qazlal
Ru
Sif Muna
Trog
Uskayaw
Vehumet
Wu Jian
Xom
Yredelemnul
Zin
The Shining One

Shops:
D:6 !   D:7 ?   D:10 [

Annotations:
D:6 exclusion: oklob plant
D:10 4 runed translucent doors


Innate Abilities, Weirdness & Mutations

You reflexively headbutt those who attack you in melee.
You have a pair of horns on your head.


Message History

Something hits you!
* * * LOW HITPOINT WARNING * * *
Something hits you.
* * * LOW HITPOINT WARNING * * *
Something hits you but does no damage. Something hits you.
* * * LOW HITPOINT WARNING * * *
You block something's attack.
You miss something. Something hits you!
* * * LOW HITPOINT WARNING * * *
You block something's attack.
Unknown command.
Something hits you.
* * * LOW HITPOINT WARNING * * *
Something hits you but does no damage.
You completely miss something. Your headbutt misses something.
Something hits you.
* * * LOW HITPOINT WARNING * * *
You closely miss something. Your headbutt misses something. Something hits you.
You die...

#.# ##..###......##
.....###.
#..###..###........##
#...## #
#..#..##...........##...#
#...##............#?..
##.##...............#
##.#...............#
#...............[.#
#..#...........{..#
#.#####.........@..# .#
#.....)†.....# #
####.......### ####)..##
#####


There were no monsters in sight!

Vanquished Creatures
  Harold (D:9)
  Grinder (D:6)
  2 hippogriffs
  A wraith (D:7)
  2 wyverns
  A human (D:6)
  A hungry ghost (D:9)
  Duvessa (D:6)
  An orc warrior (D:8)
  2 ice beasts
  A sky beast (D:6)
  2 phantoms
  4 black bears
  4 centaurs
  7 ogres
  A big kobold (D:8)
  9 bullfrogs
  2 scorpions
  Dowan (D:6)
  2 wights (D:7)
  3 howler monkeys
  A bullfrog zombie (D:9)
  3 crimson imps
  A centaur zombie (D:8)
  6 hounds
  An orc priest (D:6)
  2 jellies
  2 human zombies (D:7)
  8 bullfrog skeletons
  A human skeleton (D:7)
  An iguana (D:6)
  12 orc wizards
  A killer bee zombie (D:9)
  10 worker ants
  2 ogre zombies (D:7)
  2 mummies (D:7)
  2 hound skeletons
  A worker ant zombie (D:7)
  11 adders
  6 gnolls
  2 shadow imps
  4 oozes
  6 adder skeletons
  3 worms
  A dart slug (D:1)
  6 leopard geckos
  21 orcs
  A bat zombie (D:3)
  12 giant cockroaches
  15 goblins
  10 hobgoblins
  15 jackals
  5 quokkas
  3 ball pythons (D:3)
  9 bats
  5 frilled lizards
  12 kobolds
  An orc skeleton (D:7)
  An orc zombie (D:7)
  2 quokka skeletons (D:4)
  A quokka zombie (D:5)
  7 rats
  A rat zombie (D:3)
265 creatures vanquished.

Vanquished Creatures (others)
  A quokka (D:6)
1 creature vanquished.

Grand Total: 266 creatures vanquished

Notes
Turn   | Place    | Note
-------+----------+-------------------------------------------
     0 | D:1      | DasRunzen the Minotaur Fighter began the quest for the Orb.
     0 | D:1      | Reached XP level 1. HP: 19/19 MP: 0/0
   344 | D:1      | Reached XP level 2. HP: 21/27 MP: 1/1
   599 | D:1      | Reached XP level 3. HP: 33/33 MP: 2/2
   723 | D:2      | Found a glowing silver altar of Zin.
   812 | D:2      | Reached XP level 4. HP: 41/41 MP: 3/3
   995 | D:2      | Found a radiant altar of Vehumet.
  1182 | D:3      | Reached XP level 5. HP: 25/47 MP: 4/4
  1257 | D:3      | Found a shimmering altar of Xom.
  1257 | D:3      | Found a shimmering altar of Xom.
  1264 | D:3      | Found a shimmering altar of Xom.
  1264 | D:3      | Found a shimmering altar of Xom.
  1266 | D:3      | Found a shimmering altar of Xom.
  1266 | D:3      | Found a shimmering altar of Xom.
  1506 | D:3      | Found an ancient bone altar of Kikubaaqudgha.
  1642 | D:3      | Reached skill level 5 in Fighting
  1990 | D:4      | Reached skill level 5 in Armour
  1990 | D:4      | Reached skill level 5 in Shields
  1997 | D:4      | Reached XP level 6. HP: 43/56 MP: 5/5
  2509 | D:4      | Reached skill level 5 in Axes
  2509 | D:4      | Reached XP level 7. HP: 61/62 MP: 6/6
  2722 | D:5      | Entered Level 5 of the Dungeon
  2722 | D:5      | Found a staircase to the Ecumenical Temple.
  2731 | Temple   | Entered the Ecumenical Temple
  2825 | Temple   | Became a worshipper of Warmaster Okawaru
  3040 | D:5      | Reached skill level 1 in Invocations
  3107 | D:5      | Found a sacrificial altar of Ru.
  3592 | D:5      | Reached * piety under Okawaru
  3706 | D:6      | Found a hide-covered altar of Uskayaw.
  3744 | D:6      | Reached XP level 8. HP: 65/71 MP: 8/8
  3923 | D:6      | Found a runed translucent door.
  3925 | D:6      | Found a basalt altar of Yredelemnul.
  3981 | D:6      | Noticed Duvessa
  3983 | D:6      | Found Ukaegg's Distillery.
  3991 | D:6      | Reached ** piety under Okawaru
  3992 | D:6      | Killed Duvessa
  3995 | D:6      | Noticed Grinder
  4000 | D:6      | Noticed Dowan
  4004 | D:6      | Killed Grinder
  4005 | D:6      | Killed Dowan
  4026 | D:6      | Reached XP level 9. HP: 16/79 MP: 10/10
  4341 | D:6      | Found a white marble altar of Elyvilon.
  4386 | D:6      | Found a blossoming altar of Fedhas.
  4405 | D:6      | Noticed an oklob plant
  4764 | D:7      | Found a sparkling altar of Nemelex Xobeh.
  4809 | D:7      | Found Ulitzuh's Magic Scroll Shoppe.
  4815 | D:7      | Bought a scroll of enchant armour for 105 gold pieces
  4815 | D:7      | Bought a scroll of enchant weapon for 105 gold pieces
  4877 | D:7      | Reached *** piety under Okawaru
  5060 | D:7      | Received a gift from Okawaru
  5061 | D:7      | Found an ancient bone altar of Kikubaaqudgha.
  5239 | D:7      | Reached skill level 5 in Invocations
  5388 | D:8      | Found a bloodstained altar of Trog.
  5469 | D:8      | Reached XP level 10. HP: 74/90 MP: 12/12
  5769 | D:8      | Reached **** piety under Okawaru
  5811 | D:7      | Bought a scroll of brand weapon for 280 gold pieces
  6135 | D:9      | Noticed Harold
  6148 | D:9      | Killed Harold
  6320 | D:9      | Reached ***** piety under Okawaru
  6650 | D:10     | Entered Level 10 of the Dungeon
  6984 | D:10     | Found Baetarae's Antique Armour Shoppe.
  7052 | D:10     | Found a large runed translucent door.
  7052 | D:10     | Found a large runed translucent door.
  7059 | D:10     | Found a staircase to the Lair.
  7059 | D:10     | Found a large runed translucent door.
  7059 | D:10     | Found a large runed translucent door.
  7085 | D:10     | Received a gift from Okawaru
  7113 | D:10     | Slain by an unseen horror

Levels and vault maps discovered:
D:1:      matt_arrival_spirals, layout_rooms, minmay_3d_cube
D:2:      layout_rooms, zin_academy, vehumet_crystals, first_ration,
          minmay_octomino_e4
D:3:      layout_loops_cross, xom_redecorated,
          lemuel_zombie_altar_kikubaaqudgha, minmay_misc_feat_room,
          minmay_misc_feat_encased
D:4:      minmay_diamond_boxcup, layout_rooms
D:5:      minmay_skewed_foursquare, layout_loops_cross,
          minmay_temple_entry_tees, minmay_fountain_box, minivault_11,
          hangedman_ru_absence
D:6:      layout_loops_ring, elyvilon_altar_4, tgw_fedhas, basic_altar,
          serial_shops, shop, dk_yredelemnul_ordeal, uniq_grinder, uniq_duvessa
D:7:      layout_cave_pools, overflow_temple_1_default, serial_shops, shop,
          grunt_ogre_cave, kennysheep_big_empty_room,
          lemuel_mausoleum_altar_kikubaaqudgha
D:8:      layout_basic, trog_ov_bears_minmay
D:9:      layout_basic, uniq_harold
D:10:     layout_cave_pods, lair_entry_dummy, serial_shops, shop,
          minmay_hollow_rounded_squares
Temple:   minmay_temple_curvy_branch

Skill      XL: |  1  2  3  4  5  6  7  8  9 10 |
---------------+-------------------------------+-----
Axes           | 3 4 5 7 8 9 |  9.4
Fighting       | 4 5 6 7 8 9 |  9.8
Armour         | 4 5 6 7 8 9 |  9.8
Shields        | 4 5 6 7 8 9 |  9.7
Invocations    | 2 3 5 6 |  6.4

Action                   |  1- 3 |  4- 6 |  7- 9 | 10-12 || total
-------------------------+-------+-------+-------+-------++-------
Melee: War axe           |    73 |   177 |   270 |   168 ||   688
       Headbutt          |    11 |    23 |    52 |    32 ||   118
  Use: Scroll            |     2 |     8 |    12 |     7 ||    29
       Potion            |       |       |     2 |       ||     2
  Eat: Chunk             |       |     5 |    17 |    12 ||    34
Armor: Scale mail        |    42 |   100 |   110 |    72 ||   324
Dodge: Dodged            |    26 |    73 |    74 |    37 ||   210
Block: Shield            |    48 |   102 |   162 |   131 ||   443

Table legend:
 A = Non-vault XP
 B = Vault XP
 C = Vault XP percentage of total XP
 D = Non-vault monster count
 E = Vault monster count
 F = Vault count percentage of total count
                 A         B        C        D         E       F
            +---------+---------+-------+---------+---------+-------
      Total |    6811 |    2786 |  29.0 |     224 |      41 |  15.5
            +---------+---------+-------+---------+---------+-------
        D:1 |      41 |       5 |  10.9 |      23 |       3 |  11.5
        D:2 |      85 |      20 |  19.0 |      24 |       4 |  14.3
        D:3 |     149 |       3 |   2.0 |      25 |       2 |   7.4
        D:4 |     427 |      91 |  17.6 |      23 |       9 |  28.1
        D:5 |     515 |      56 |   9.8 |      19 |       3 |  13.6
        D:6 |    1074 |     709 |  39.8 |      26 |       4 |  13.3
        D:7 |    1208 |     649 |  34.9 |      23 |      13 |  36.1
        D:8 |    1104 |     256 |  18.8 |      26 |       2 |   7.1
        D:9 |    1180 |     997 |  45.8 |      21 |       1 |   4.5
       D:10 |    1028 |       0 |   0.0 |      14 |       0 |   0.0
            +---------+---------+-------+---------+---------+-------
